 Dungeon Crawl Stone Soup version 0.30.1-11-g7821555f0a (webtiles) character file.

Game seed: 8630191090141171527

81 monsoonserge the Grasshopper (level 4, -4/51 HPs)
             Began as a Demonspawn Warper on Oct 27, 2023.
             Slain by an orc
             ... wielding a +0 mace
              (5 damage)
             ... on level 3 of the Dungeon.
             The game lasted 00:05:41 (1688 turns).

monsoonserge the Grasshopper (Demonspawn Warper)    Turns: 1688, Time: 00:05:41

Health: -4/51      AC: 22    Str: 12    XL:     4   Next: 20%
Magic:  7/7        EV:  2    Int: 16    God:
Gold:   34         SH:  0    Dex: 12    Spells: 5/7 levels left

rFire   . . .        a - +0 falchion
rCold   . . .        (no shield)
rNeg    . . .        f - melded +0 ring mail
rPois   +            (helmet currently unavailable)
rElec   .            (cloak currently unavailable)
rCorr   .            (gloves currently unavailable)
SInv    +            (boots currently unavailable)
Will    .....        (no amulet)
Stlth   +            m - ring of see invisible
HPRegen 0.28/turn    (no ring)
MPRegen 0.10/turn

%: no passive effects
@: tree-form
A: stationary, stasis, torment immunity, boosted hp, demonic guardian 1, demonic
magic 1
a: no special abilities


You were on level 3 of the Dungeon.
You were a tree.
You visited 1 branch of the dungeon, and saw 3 of its levels.

You collected 34 gold pieces.

Inventory:

Hand Weapons
 a - a +0 falchion (weapon)
 k - a +0 dagger
Missiles
 d - 7 boomerangs of dispersal
 h - 7 poisoned darts (quivered)
Armour
 b - a +0 leather armour
 f - a +0 ring mail (melded)
Jewellery
 m - a ring of see invisible (left branch)
Scrolls
 e - 4 scrolls of teleportation {unknown}
 i - a scroll of noise {unknown}
 j - a scroll of fog {unknown}
 l - a scroll of brand weapon {unknown}
 o - a scroll of identify {unknown}


   Skills:
 + Level 2.4 Fighting
 * Level 0.5(1.3) Short Blades
 - Level 1.9(2.0) Long Blades
 + Level 1.1 Throwing
 * Level 2.0 Armour
 + Level 2.1 Dodging
 + Level 0.7 Stealth
 + Level 2.0 Spellcasting
 + Level 3.1 Translocations


You had 5 spell levels left.
You knew the following spells:

 Your Spells              Type           Power      Damage    Failure   Level
a - Blink                 Tloc           22%        N/A       9%          2

Your spell library contained the following spells:

 Spells                   Type           Power      Damage    Failure   Level
 Lesser Beckoning         Tloc           22%        N/A       9%          2
 Teleport Other           Tloc           11%        N/A       17%         3
 Beastly Appendage        Tmut           2%         N/A       21%         1
 Wereblood                Tmut           1%         N/A       30%         2
 Vhi's Electric Charge    Tloc/Air       12%        N/A       32%         3
 Manifold Assault         Tloc           11%        N/A       50%         4
 Spider Form              Tmut/Pois      1%         N/A       52%         3
 Summon Guardian Golem    Hex/Summ       1%         N/A       52%         3
 Orb of Destruction       Conj           0%         9d5       100%        7
 Spellforged Servitor     Conj/Summ      0%         N/A       100%        7


Dungeon Overview and Level Annotations

Branches:
Dungeon (3/15)

Altars:

Annotations:
D:2 Sigmund
D:3 Natasha


Innate Abilities, Weirdness & Mutations

You are a tree.
Your roots penetrate the ground, keeping you stationary.
You cannot be teleported.
You are immune to unholy pain and torment.
Your maximum health is greatly increased.
Your equipment is partially melded.
A weak demonic guardian rushes to your aid.
Spells you cast may paralyse adjacent enemies.


Message History

The gnoll hits you but does no damage. x4
The goblin hits you but does no damage. The orc hits you but does no damage.
You closely miss the gnoll.
The gnoll is severely wounded.
The orc hits you but does no damage. The goblin hits you but does no damage.
The gnoll hits you but does no damage. x3
Unknown command.
You hit the gnoll.
You kill the gnoll!
The orc hits you but does no damage.
The gnoll hits you but does no damage. x2
The goblin hits you with a +0 dagger.
* * * LOW HITPOINT WARNING * * *
Unknown command.
You completely miss the orc. The orc hits you but does no damage. x2
The gnoll completely misses you. The goblin hits you but does no damage.
The gnoll hits you with a +0 flail.
* * * LOW HITPOINT WARNING * * *
A demonic guardian appears!
Unknown command.
You barely miss the orc.
The giant cockroach closely misses your quasit.
The orc hits you with a +0 mace.
* * * LOW HITPOINT WARNING * * *
The orc hits you but does no damage. The goblin hits you but does no damage.
The gnoll hits you but does no damage. x2
Your quasit closely misses the goblin.
Your quasit claws the goblin.
Your quasit closely misses the goblin.
The giant cockroach closely misses your quasit.
You closely miss the goblin.
The goblin is heavily wounded.
Your quasit bites the goblin.
Your quasit closely misses the goblin.
Your quasit claws the goblin.
The goblin dies!
The orc hits you but does no damage. x2; The gnoll hits you with a +0 flail.
* * * LOW HITPOINT WARNING * * *
The gnoll barely misses you. The giant cockroach misses your quasit.
Your quasit barely misses the orc.
Your quasit claws the orc but does no damage.
Your quasit barely misses the orc.
The orc hits you with a +0 mace.
You die...

#. . #.... .. ##...# ...
.. ..## ....##. #..##
### ### ......B #...
.... ....
.....5g##g#.##h#.###.?##
#.o♣oo#....#........
##o##o##.###.._h....
#.##.oo.o..........
#......<....###}...
##.....[...........
#.................
#..........###..##
#..........$......
#..........#......


You could see 2 gnolls, 7 orcs, a giant cockroach and a friendly quasit
(summoned).

Vanquished Creatures
  A gnoll (D:3)
  A worm (D:1)
  A dart slug (D:2)
  7 bats (D:1)
  2 endoplasms
  A giant cockroach (D:1)
  6 goblins
  5 hobgoblins
  3 jackals (D:1)
  7 kobolds
  A quokka (D:2)
  2 frilled lizards (D:2)
  7 rats
44 creatures vanquished.

Vanquished Creatures (collateral kills)
  A gnoll (D:3)
  An adder (D:2)
  A goblin (D:3)
3 creatures vanquished.

Grand Total: 47 creatures vanquished

Notes
Turn   | Place    | Note
-------+----------+-------------------------------------------
     0 | D:1      | monsoonserge the Demonspawn Warper began the quest for the
                  | Orb.
     0 | D:1      | Reached XP level 1. HP: 16/16 MP: 3/3
   208 | D:1      | Reached skill level 1 in Armour
   232 | D:1      | Reached skill level 1 in Throwing
   250 | D:1      | Reached skill level 3 in Translocations
   250 | D:1      | Gained mutation: Spells you cast may paralyse adjacent
                  | enemies. [demonic ancestry]
   250 | D:1      | Reached XP level 2. HP: 17/22 MP: 5/5
   263 | D:1      | Learned a level 2 spell: Blink
   848 | D:2      | Gained mutation: A weak demonic guardian rushes to your
                  | aid. [demonic ancestry]
   848 | D:2      | Reached XP level 3. HP: 17/27 MP: 6/6
  1628 | D:2      | Noticed Sigmund
  1630 | D:3      | Found a faded altar of an unknown god.
  1631 | D:3      | Noticed Natasha
  1676 | D:3      | Reached XP level 4. HP: 10/34 MP: 7/7
  1688 | D:3      | HP: 1/51 [gnoll/+0 flail (4)]
  1688 | D:3      | Slain by an orc

Illustrated notes

Levels and vault maps discovered:
D:1:      dpeg_arrival_round_c, layout_loops_ring, serial_bayou_ford_a,
          kennysheep_another_room
D:2:      layout_loops_ring, hangedman_abyss_or_decor_stabs,
          uniq_crazy_yiuf_cottage, uniq_sigmund
D:3:      cheibrodos_old_hovel, layout_rooms,
          hellmonk_ecumenical_altar_lost_god, chequers_serial_rivers_micro_b,
          grunt_decor_fettered, minmay_door_square, uniq_natasha

Skill      XL: |  1  2  3 |
---------------+----------+-----
Armour         | 1 2 |  2.0
Throwing       | 1 |  1.1
Translocations | 3 |  3.1
Dodging        | 2 |  2.1
Fighting       | |  2.4
Short Blades   | |  0.5
Long Blades    | |  1.9
Stealth        | |  0.7
Spellcasting   | |  2.0

Action                     |  1- 3 |  4- 6 || total
---------------------------+-------+-------++-------
  Melee: Falchion          |   151 |    11 ||   162
    Use: Scroll            |     3 |       ||     3
         Potion            |     2 |       ||     2
 Armour: Ring mail         |    56 |       ||    56
         Leather armour    |     3 |       ||     3
         Skin              |    14 |    54 ||    68
  Dodge: Dodged            |    91 |     3 ||    94
